 Dungeon Crawl Stone Soup version 0.15.0-18-g9076a4f (webtiles) character file.

286 Johnny the Shooter (level 6, -1/46 HPs)
             Began as a Formicid Hunter on Sept 7, 2014.
             Succumbed to MDvedh's ghost's poison
             ... on Level 4 of the Dungeon.
             The game lasted 00:10:27 (3952 turns).

Johnny the Shooter (Formicid Hunter)                Turns: 3952, Time: 00:10:27

HP  -1/46        AC 13     Str 26      XL: 6   Next: 56%
MP   8/8         EV  6     Int 15      God:
Gold 152         SH  0     Dex 11 (13) Spells:  0 memorised,  5 levels left

rFire  + . .     SeeInvis +     b - +1 shortbow
rCold  + . .     Clarity  .     C - +0 plate armour
rNeg   . . .     rCorr    +     (no shield)
rPois  +         rRot     .     (helmet unavailable)
rElec  +         Spirit   .     (no cloak)
SustAb .         Warding  .     j - +1 pair of gloves
rMut   .         Stasis   +     (no boots)
Gourm  .                        (no amulet)
MR     .....                    x - +4 ring of strength
                                r - ring of invisibility

@: confused, mighty, brilliant, lethally poisoned, resistant, not resistant to
hostile enchantments, extremely unstealthy
A: permanent stasis, dig shafts and tunnels, four strong arms, antennae 3
a: Dig, Shaft Self, Evoke Invisibility


You were on level 4 of the Dungeon.
You were not hungry.

You visited 1 branch of the dungeon, and saw 4 of its levels.

You collected 152 gold pieces.

Inventory:

Hand weapons
 b - a +1 shortbow (weapon)
 A - a +3 hand axe
Missiles
 a - 12 bolts of frost
 d - 4 arrows of frost (quivered)
 h - 26 bolts
Armour
 j - a +1 pair of gloves (worn)
 C - a +0 plate armour (worn)
Magical devices
 z - a wand of cold (6)
Comestibles
 f - a beef jerky
 q - 6 fruits
 v - 4 bread rations
 w - 2 meat rations
Scrolls
 e - a scroll of teleportation
 i - a scroll of magic mapping
 l - 2 scrolls of remove curse
 m - a scroll of identify
 o - 3 scrolls of fear
 t - a scroll of fog {unknown}
 y - 2 scrolls of immolation {unknown}
 D - a scroll of random uselessness {unknown}
Jewellery
 n - an uncursed ring of loudness
 r - a ring of invisibility (left hand)
 x - a +4 ring of strength (right hand)


   Skills:
 * Level 2.5 Fighting
 * Level 0.8(1.2) Axes
   Level 1.3(1.4) Maces & Flails
 * Level 4.6 Bows
 * Level 2.7 Armour
 * Level 2.5 Dodging
 - Level 1.2 Stealth


You had 5 spell levels left.
You didn't know any spells.

Dungeon Overview and Level Annotations

Branches:
Dungeon (4/15)
 Temple: D:4-7

Altars:
Okawaru
Sif Muna
Trog
Vehumet
Xom

Shops:
D:4 *

Annotations:
D:3 hackum's ghost, weakling HaBe
D:4 MDvedh's ghost, average SpEn


Innate Abilities, Weirdness & Mutations

Your are under a permanent stasis effect.
You can dig through walls and to a lower floor.
Your four strong arms can wield two-handed weapons with a shield.
You have a pair of large antennae on your head (SInv).


Message History

You are more poisoned.
Drink which item? (? for menu, Esc to quit)
You feel protected.
It was a potion of resistance.
* * * LOW HITPOINT WARNING * * *
You feel very sick.
MDvedh's ghost hits you but does no damage.
MDvedh's ghost barely misses you.
Drink which item? (? for menu, Esc to quit)
You feel very mighty all of a sudden.
It was a potion of might.
* * * LOW HITPOINT WARNING * * *
You feel sick.
MDvedh's ghost hits you but does no damage.
Ouch! You are no longer glowing.
* * * LOW HITPOINT WARNING * * *
You feel sick. MDvedh's ghost hits you.
* * * LOW HITPOINT WARNING * * *
You die...

#...(...# ##........#
#......
#......###..###....#
#...... ##...........#
##...## ##......
#.(..........# #....#
#...###. #....#...%....#
#....###..## #% ....
##..#....# #.....#..## ##.
##. #..##...##
#........####.# #
#..##....##>....###......#
##.###..W@..##..# ##.....#
#########..#####.###..###.#
..........### #.....## ##.
##.####.#...#####...# ##.
{#.#..).......# #..
#.######.....## ##.# #.
###....####.## ..
#.#....#..## #.
#.#...#....#


You could see MDvedh's ghost.

Vanquished Creatures
  An ogre (D:4)
  A hound (D:4)
  5 adders
  6 worms
  4 giant geckos
  9 orcs
  7 bats
  3 giant cockroaches
  8 goblins
  3 hobgoblins
  8 jackals (D:1)
  A quokka (D:2)
  7 giant newts
  9 kobolds
  An orc skeleton (D:4)
  11 rats
  A rat skeleton (D:4)
85 creatures vanquished.

Notes
Turn   | Place    | Note
--------------------------------------------------------------
     0 | D:1      | Johnny, the Formicid Hunter, began the quest for the Orb.
     0 | D:1      | Reached XP level 1. HP: 15/15 MP: 1/1
     0 | D:1      | Noticed a felid
     0 | D:1      | Noticed a human
     4 | D:1      | Noticed a spriggan
     6 | D:1      | Noticed a naga
     7 | D:1      | Noticed a vampire
    10 | D:1      | Noticed a centaur
    12 | D:1      | Noticed a gargoyle
    13 | D:1      | Noticed an elf
    14 | D:1      | Noticed an elf
    14 | D:1      | Noticed a spriggan
    16 | D:1      | Noticed a spriggan
    16 | D:1      | Noticed a ghoul
    18 | D:1      | Noticed a formicid
    18 | D:1      | Noticed a gargoyle
    19 | D:1      | Noticed a minotaur
   404 | D:1      | Reached XP level 2. HP: 8/21 MP: 3/3
   673 | D:1      | Reached XP level 3. HP: 23/26 MP: 4/4
  1188 | D:2      | Reached XP level 4. HP: 29/33 MP: 5/5
  1230 | D:2      | Found a radiant altar of Vehumet.
  1427 | D:2      | Reached skill level 1 in Maces & Flails
  1470 | D:2      | Reached skill level 1 in Armour
  1495 | D:2      | Reached skill level 4 in Bows
  1707 | D:2      | Found a shimmering altar of Xom.
  1710 | D:2      | Found a deep blue altar of Sif Muna.
  1713 | D:2      | Found an iron altar of Okawaru.
  2116 | D:2      | Reached XP level 5. HP: 38/38 MP: 7/7
  2245 | D:3      | Noticed hackum's ghost (weakling HaBe)
  2706 | D:3      | Noticed a moth of wrath
  2709 | D:3      | Found a bloodstained altar of Trog.
  3323 | D:4      | Found Strap's General Store.
  3551 | D:4      | Noticed an ogre
  3562 | D:4      | Killed an ogre
  3562 | D:4      | Reached XP level 6. HP: 12/46 MP: 8/8
  3927 | D:4      | Noticed MDvedh's ghost (average SpEn)
  3951 | D:4      | HP: 2/46 [poisoned by MDvedh's ghost]
  3952 | D:4      | Succumbed to MDvedh's ghost's poison

Action                   |  1- 3 |  4- 6 || total
-------------------------+-------+-------++-------
Melee: Mace              |    51 |    79 ||   130
       Hand axe          |       |    50 ||    50
 Fire: Shortbow          |    92 |    75 ||   167
 Abil: Dig               |       |     1 ||     1
Evoke: Wand              |       |     3 ||     3
  Use: Potion            |     1 |     6 ||     7
       Scroll            |     1 |     3 ||     4
  Eat: Bread ration      |       |     3 ||     3
